AoeStats
← Le Cronache di N'Ernia

Arena

509684504Analyzed
4v4 RM · 4d ago on Sep 27, 2026· 56m 47s· 8 players
Game mode
Random Map
Map size
Large (8 player)
Population
200
Speed
Normal
Resources
Standard
Victory
Conquest
Starting age
Dark Age
Ending age
Imperial Age
RankedLock teamsTeams togetherTeam positionsShared explorationLock speedFull tech treeHidden civsTurbo modeCheats
Victory
Defeat
🇪🇸 Britons · Spain
1303
+11
🇮🇹 Cumans · Italy
1256
+13
🇮🇹 Bulgarians · Italy
1233
+14
🇵🇱 Persians · Poland
1129
+19
🇳🇱 Varangians · Netherlands
1236
-15
🇷🇺 Danes · Russia
1203
-15
🇷🇴 Cumans · Romania
1201
-15
🇹🇼 Khmer · Taiwan
1135
-12
Ralphie
8:58 Loom
11:07 Feudal Age
12:25 Stone Mining
15:39 Castle Age
24:06 Double-Bit Axe
25:56 Horse Collar
28:32 Wheelbarrow
30:49 Bow Saw
31:17 Heavy Plow
35:19 Imperial Age
34:23 Scale Barding Armor
34:40 Town Watch
35:38 Hand Cart
36:07 Forging
36:34 Gold Mining
39:04 Chemistry
38:03 Murder Holes
38:19 Fortified Wall
38:43 Bloodlines
38:34 Husbandry
40:00 Stone Shaft Mining
39:03 Light Cavalry
42:31 Scale Mail Armor
44:04 Masonry
44:24 Town Patrol
45:01 Chain Barding Armor
44:59 Chain Mail Armor
45:19 Iron Casting
47:15 Architecture
47:38 Plate Mail Armor
48:29 Ballistics
48:46 Elite Varangian Guard
51:44 Blast Furnace
52:07 Squires
51:53 Arson
51:58 Gambesons
52:51 Pikeman
54:06 Halberdier
56:49 Conscription
Sageata
9:17 Feudal Age
9:51 Double-Bit Axe
9:49 Horse Collar
14:31 Man-at-Arms
19:05 Wheelbarrow
26:14 Castle Age
25:44 Bloodlines
25:41 Scale Barding Armor
25:47 Forging
27:35 Hand Cart
28:16 Chain Barding Armor
28:32 Iron Casting
30:48 Imperial Age
28:34 Loom
31:13 Loom
31:35 Fletching
32:31 Bodkin Arrow
33:12 Plate Barding Armor
33:38 Blast Furnace
32:01 Cavalier
32:48 Town Watch
33:12 Heavy Plow
33:24 Bow Saw
33:09 Stone Mining
33:10 Gold Mining
34:33 Padded Archer Armor
35:10 Squires
37:00 Chemistry
36:21 Ballistics
35:51 Elite Kipchak
36:39 Caravan
37:02 Leather Archer Armor
37:34 Parthian Tactics
37:14 Thumb Ring
37:09 Murder Holes
38:33 Steppe Husbandry
39:10 Masonry
41:49 Conscription
41:07 Light Cavalry
42:19 Ring Archer Armor
41:54 Hussar
42:37 Cuman Mercenaries
43:08 Onager
50:44 Gold Shaft Mining
50:22 Scale Mail Armor
51:52 Capped Ram
53:01 Siege Ram
53:05 Pikeman
57:17 Coinage
56:58 Guilds
crazyeyee
10:59 Feudal Age
14:00 Castle Age
12:18 Double-Bit Axe
12:33 Horse Collar
15:09 Bow Saw
15:25 Heavy Plow
20:04 Wheelbarrow
20:28 Gold Mining
21:40 Hand Cart
21:39 Stone Mining
26:24 Imperial Age
23:42 Loom
23:43 Town Watch
24:41 Gold Shaft Mining
28:16 Scale Barding Armor
28:21 Forging
27:39 Elite Battle Elephant
28:32 Bloodlines
30:08 Chain Barding Armor
30:24 Iron Casting
29:54 Husbandry
31:39 Plate Barding Armor
31:40 Tusk Swords
32:28 Sappers
33:22 Conscription
35:16 Light Cavalry
36:06 Fletching
36:12 Hussar
38:50 Hoardings
40:01 Masonry
40:55 Chemistry
40:59 Bodkin Arrow
42:07 Blast Furnace
41:03 Bodkin Arrow
42:02 Herbal Medicine
46:59 Coinage
46:32 Caravan
49:25 Bracer
sybertuk
11:25 Feudal Age
15:21 Castle Age
13:11 Double-Bit Axe
13:38 Horse Collar
23:25 Fletching
23:22 Town Watch
23:25 Loom
26:11 Wheelbarrow
31:25 Imperial Age
29:14 Hand Cart
29:49 Scale Mail Armor
30:24 Gold Mining
30:24 Stone Mining
31:21 Chain Mail Armor
31:25 Bow Saw
31:16 Heavy Plow
31:14 Hamask
32:44 Plate Mail Armor
32:25 Forging
32:49 Conscription
32:22 Onager
33:16 Northmen's Fury
34:00 Siege Onager
36:51 Sanctity
36:55 Elite Jomsviking
38:16 Hoardings
39:30 Siege Engineers
40:26 Chemistry
39:53 Bodkin Arrow
40:01 Padded Archer Armor
40:27 Ballistics
41:53 Elite Skirmisher
42:41 Thumb Ring
42:37 Bracer
42:52 Leather Archer Armor
42:49 Masonry
44:57 Ring Archer Armor
48:39 Iron Casting
48:16 Murder Holes
51:14 Pikeman
51:55 Squires
51:40 Gambesons
51:41 Arson
55:43 Halberdier
M.Gallego
9:47 Feudal Age
14:39 Castle Age
13:04 Horse Collar
16:57 Double-Bit Axe
17:25 Town Watch
18:26 Fervor
19:31 Loom
29:14 Imperial Age
27:04 Fletching
27:32 Bodkin Arrow
28:37 Padded Archer Armor
28:59 Ballistics
29:29 Leather Archer Armor
31:07 Chemistry
30:53 Bracer
34:56 Block Printing
36:24 Wheelbarrow
35:13 Elite Longbowman
36:02 Scale Mail Armor
36:13 Forging
37:11 Chain Mail Armor
37:32 Iron Casting
38:12 Yeomen
37:35 Pikeman
38:54 Iron Casting
41:01 Town Patrol
40:47 Halberdier
50:01 Squires
49:46 Arson
50:34 Plate Mail Armor
53:05 Blast Furnace
55:27 Hand Cart
55:39 Conscription
jkeR.!
9:55 Feudal Age
10:08 Feudal Age
11:50 Loom
14:06 Castle Age
12:05 Double-Bit Axe
12:21 Horse Collar
23:09 Heavy Plow
23:21 Bow Saw
23:02 Gold Mining
25:32 Wheelbarrow
25:13 Stone Mining
26:01 Gold Shaft Mining
29:02 Imperial Age
28:20 Scale Barding Armor
28:26 Forging
28:55 Bloodlines
29:33 Stone Shaft Mining
30:06 Hand Cart
30:29 Conscription
31:46 Crossbowman
32:31 Thumb Ring
34:12 Chain Barding Armor
34:28 Iron Casting
35:41 Ballistics
36:30 Chemistry
39:08 Two-Man Saw
38:39 Crop Rotation
38:49 Plate Barding Armor
39:15 Blast Furnace
38:37 Pikeman
39:17 Squires
39:02 Arson
39:40 Halberdier
40:59 Elite War Elephant
42:36 Kamandaran
44:40 Scale Mail Armor
50:44 Caravan
51:14 Coinage
51:09 Cavalier
51:49 Husbandry
55:07 Savar
56:06 Fletching
56:17 Padded Archer Armor
56:33 Chain Mail Armor
Le Cronache di N'Ernia
9:21 Feudal Age
20:48 Wheelbarrow
20:53 Double-Bit Axe
25:48 Castle Age
23:48 Horse Collar
25:45 Gold Mining
25:47 Stone Mining
26:42 Bow Saw
28:01 Gold Shaft Mining
29:01 Heavy Plow
30:06 Loom
30:37 Hand Cart
35:11 Imperial Age
33:27 Fletching
33:38 Padded Archer Armor
34:16 Bodkin Arrow
34:37 Leather Archer Armor
34:47 Ballistics
35:18 Leather Archer Armor
35:12 Capped Ram
35:38 Elite Kipchak
36:38 Siege Ram
38:22 Chemistry
37:54 Ring Archer Armor
38:43 Elite Kipchak
42:42 Conscription
41:53 Man-at-Arms
42:33 Squires
42:19 Arson
44:14 Cuman Mercenaries
45:49 Long Swordsman
46:30 Scale Mail Armor
46:41 Forging
47:11 Two-Handed Swordsman
48:16 Chain Mail Armor
48:37 Iron Casting
50:02 Plate Mail Armor
50:32 Blast Furnace
49:01 Champion
50:30 Steppe Husbandry
50:58 Scale Barding Armor
51:56 Chain Barding Armor
51:01 Light Cavalry
51:51 Bloodlines
54:32 Hussar
55:49 Plate Barding Armor
55:49 Town Watch
57:16 Two-Man Saw
56:50 Crop Rotation
Birba
9:18 Feudal Age
13:03 Scale Mail Armor
22:35 Castle Age
20:47 Double-Bit Axe
25:44 Horse Collar
26:43 Wheelbarrow
27:40 Bow Saw
32:56 Imperial Age
30:53 Pikeman
32:52 Chain Mail Armor
32:48 Forging
34:15 Heavy Plow
34:32 Hand Cart
33:48 Halberdier
35:42 Gold Mining
36:44 Plate Mail Armor
37:45 Iron Casting
37:09 Gambesons
37:24 Squires
37:10 Arson
49:51 Blast Furnace
48:57 Scale Barding Armor
Connection lost

Rejoining the realm…

Still unreachable

The connection could not be restored.

Session expired

The server has moved on; the page needs a fresh start.